 Dungeon Crawl Stone Soup version 0.31-b1-12-gca42e3d1b8 (webtiles) character file.

Game seed: 6941389859972425438

13578 Cheops the Bludgeoner (level 11, -11/99 HPs)
             Began as a Minotaur Fighter on Jan 14, 2024.
             Was a Priest of Ru.
             Mangled by a two-headed ogre
             ... wielding a +0 giant club
              (18 damage)
             ... on level 12 of the Dungeon.
             The game lasted 00:31:34 (11972 turns).

Cheops the Bludgeoner (Minotaur Fighter)           Turns: 11972, Time: 00:31:35

Health: -11/99     AC: 13    Str: 24    XL:     11   Next: 77%
Magic:  10/10      EV: 15    Int:  7    God:    Ru [***...]
Gold:   651        SH: 12    Dex: 12    Spells: 10/10 levels left

rFire   + . .        a - +0 morningstar (protect)
rCold   + . .        W - +3 buckler {AC+3}
rNeg    . . .        p - +0 acid dragon scales
rPois   +            q - +1 hat
rElec   .            b - scarf {rC+ rF+}
rCorr   +            w - +1 pair of gloves {hurl}
SInv    +            (no boots)
Will    +....        U - amulet of reflection
Stlth   +            V - ring "Uryedd" {Will+ Dex+3 Slay+3 SInv}
HPRegen 0.36/turn    N - +5 ring of evasion
MPRegen 0.12/turn

%: reflection
@: very slow
A: horns 2, inability to use devices, no air magic, no hexes magic, no
translocations magic, retaliatory headbutt, poison resistance, MP-powered wands
a: Renounce Religion, Draw Out Power


You were on level 12 of the Dungeon.
You worshipped Ru.
Ru was most pleased with you.
You visited 2 branches of the dungeon, and saw 13 of its levels.
You also visited: Ossuary.

You collected 707 gold pieces.
You spent 56 gold pieces at shops.

Inventory:

Hand Weapons
 a - a +0 morningstar of protection (weapon)
 c - a +0 hand axe of electrocution
 l - a +0 flail
 t - a +3 mace
 Q - a +3 mace
Missiles
 G - 103 stones
 I - 4 boomerangs (quivered)
Armour
 b - a scarf of resistance (worn)
 n - a +0 chain mail
 p - +0 acid dragon scales (worn)
 q - a +1 hat (worn)
 w - a +1 pair of gloves of hurling (worn)
 T - the +2 robe of the Thoughtful Dances {rElec rF- Str+4 Int+3}
   (You found it on level 7 of the Dungeon)

   Str+4:     It affects your strength (+4).
   Int+3:     It affects your intelligence (+3).
   rF-:       It makes you vulnerable to fire.
   rElec:     It insulates you from electricity.
 W - a +3 buckler of protection (worn)
Jewellery
 k - an amulet of the acrobat
 u - a ring of fire
 x - a ring of flight
 y - the ring "Jaipyeditupt" {rN+ Will+}
   (You found it on level 4 of the Dungeon)

   [ring of willpower]

   rN+:       It protects you from negative energy.
   Will+:     It increases your willpower.
 J - an amulet of guardian spirit
 M - a ring of willpower
 N - a +5 ring of evasion (right hand)
 O - a +4 ring of protection
 R - the ring "Ykecsuag" {rC+ rN+ Int-2 Dex+6}
   (You found it on level 10 of the Dungeon)

   [ring of dexterity]

   Int-2:     It affects your intelligence (-2).
   Dex+6:     It affects your dexterity (+6).
   rC+:       It protects you from cold.
   rN+:       It protects you from negative energy.
 S - a +5 ring of evasion
 U - an amulet of reflection (around neck)
 V - the ring "Uryedd" (left hand) {Will+ Dex+3 Slay+3 SInv}
   (You found it on level 10 of the Dungeon)

   [ring of willpower]

   Dex+3:     It affects your dexterity (+3).
   Slay+3:    It affects your accuracy & damage with ranged weapons and melee
   (+3).
   Will+:     It increases your willpower.
   SInv:      It lets you see invisible.
Scrolls
 f - a scroll of vulnerability
 i - 2 scrolls of enchant weapon {unknown}
 j - a scroll of immolation
 m - 5 scrolls of teleportation
 o - 3 scrolls of revelation
 z - 2 scrolls of poison
 C - a scroll of fog
 H - 2 scrolls of butterflies
 L - 2 scrolls of fear
Potions
 d - 2 potions of might
 e - 3 potions of heal wounds {unknown}
 g - 3 potions of haste {unknown}
 h - 2 potions of brilliance {unknown}
 r - a potion of berserk rage {unknown}
 s - 5 potions of enlightenment {unknown}
 v - 3 potions of lignification {unknown}
 B - 3 potions of curing
 D - 2 potions of resistance {unknown}
 F - a potion of mutation
 X - a potion of cancellation {unknown}
 Y - a potion of ambrosia {unknown}
 Z - a potion of invisibility {unknown}


   Skills:
 * Level 10.0 Fighting
 - Level 16.0 Maces & Flails
 - Level 13.6 Throwing
 + Level 6.2 Armour
 - Level 3.6 Shields


You had 10 spell levels left.
You didn't know any spells.
Your spell library contained the following spells:

 Spells                   Type           Power      Damage    Failure   Level
 Freeze                   Ice            0%         1d3       56%         1
 Magic Dart               Conj           0%         1d3       56%         1
 Necrotise                Necr           0%         1d4       56%         1
 Sting                    Conj/Alch      0%         1d3       56%         1
 Summon Small Mammal      Summ           0%         N/A       56%         1
 Searing Ray              Conj           0%         2d4       71%         2
 Frozen Ramparts          Ice            0%         1d1       90%         3
 Hailstorm                Conj/Ice       0%         3d5       90%         3
 Fulminant Prism          Conj/Alch      0%         3d5       100%        4
 Ignite Poison            Fire/Alch      0%         N/A       100%        4
 Leda's Liquefaction      Alch/Erth      0%         N/A       100%        4
 Olgreb's Toxic Radiance  Alch           0%         N/A       100%        4
 Sticky Flame             Fire/Alch      0%         2d4       100%        4
 Irradiate                Conj/Alch      0%         3d11      100%        5
 Lee's Rapid Deconstruct  Erth           0%         3d4*      100%        5
 Bombard                  Conj/Erth      0%         9d1       100%        6
 Ignition                 Fire           0%         3d3       100%        8
 Apportation              Tloc           Unusable   N/A       N/A         1
 Mercury Vapours          Alch/Air       Unusable   N/A       N/A         2
 Inner Flame              Hex/Fire       Unusable   N/A       N/A         3
 Tukima's Dance           Hex            Unusable   N/A       N/A         3
 Passage of Golubria      Tloc           Unusable   N/A       N/A         4
 Yara's Violent Unravell  Hex/Alch       Unusable   3d3       N/A         5

Dungeon Overview and Level Annotations

Branches:
Dungeon (12/15)            Temple (1/1) D:5            Lair (0/5) D:11
    Orc (0/2) D:9         Ossuary (visited)

Altars:
Ashenzari
Cheibriados
Dithmenos
Elyvilon
Fedhas
Gozag
Hepliaklqana
Kikubaaqudgha
Makhleb
Nemelex Xobeh
Okawaru
Qazlal
Ru
Sif Muna
Trog
Uskayaw
Vehumet
Wu Jian
Xom
Yredelemnul
Zin
The Shining One

Shops:
D:4 (

Annotations:
D:8 angel & servitor


Innate Abilities, Weirdness & Mutations

You have a pair of horns on your head.
You cannot study or use magical devices.
You cannot study or cast Air magic.
You cannot study or cast Hexes magic.
You cannot study or cast Translocations magic.
You reflexively headbutt those who attack you in melee.
Your system is resistant to poisons. (rPois)
You expend magic power (3 MP) to strengthen your wands.


Message History

You headbutt the electric eel.
The electric eel is lightly wounded.
The two-headed ogre misses you. You furiously retaliate!
You headbutt the two-headed ogre. The two-headed ogre barely misses you.
Your unstable footing causes you to fumble your attack.
The electric eel shoots out a bolt of lightning at you!
The bolt of electricity hits you!
* * * LOW HITPOINT WARNING * * *
The troll barely misses you. You furiously retaliate!
You headbutt the troll, but do no damage.
The troll claws you but does no damage. You block the troll's attack.
You barely miss the electric eel.
The electric eel is lightly wounded.
The two-headed ogre is stunned by your conviction and fails to attack.
The electric eel shoots out a bolt of lightning at you!
The bolt of electricity hits you!
* * * LOW HITPOINT WARNING * * *
The troll bites you but does no damage. The troll closely misses you.
The troll claws you but does no damage.
Your unstable footing causes you to fumble your attack.
The two-headed ogre hits you with a +0 giant club.
* * * LOW HITPOINT WARNING * * *
You block the two-headed ogre's attack.
The electric eel shoots out a bolt of lightning at you!
The bolt of electricity hits you!
* * * LOW HITPOINT WARNING * * *
The troll bites you.
* * * LOW HITPOINT WARNING * * *
The troll claws you.
* * * LOW HITPOINT WARNING * * *
The troll claws you but does no damage.
Your unstable footing causes you to fumble your attack.
The electric eel shoots out a bolt of lightning at you!
The bolt of electricity misses you.
You barely miss the electric eel. Your headbutt misses the electric eel.
The electric eel is lightly wounded.
You block the troll's attack. x2; The troll barely misses you.
The two-headed ogre barely misses you.
The two-headed ogre hits you with a +0 giant spiked club!!
You die...

.. ###.# .... ..
#####~.###
.......~~~..
##.###~~~~~##
.....~~~~~~~###.~~
....~~~~~~@~~...#
#~~~~~TOS~##.#
..#.##~~~~~~~## ..
..#.##.~~~~~## .#
#.#.#..#~~~.....
..
..#.#.##.~######
#. #.#.#.##.... ..
.~.+...
#..#.#.#.##..###
#.##~~~#...
#..#.#.#.##..#
#.#~~~~~...


You could see a two-headed ogre, a troll and an electric eel.

Vanquished Creatures
  A yaktaur captain (D:10)
  3 two-headed ogres
  An orc knight (D:10)
  2 cyclopes
  An unseen horror (D:10)
  Maggie (D:6)
  A kobold demonologist (D:10)
  2 tengu conjurers (D:11)
  3 hornets (D:10)
  A slime creature (D:10)
  A water elemental (D:12)
  A wyvern (D:11)
  A wraith (D:10)
  8 yaks
  2 steam dragons
  13 vampire mosquitoes
  A water moccasin (D:8)
  2 acid dragons
  3 sky beasts
  4 orc warriors
  A laughing skull (D:10)
  An ogre (D:5)
  An ogre (shapeshifter) (D:12)
  5 centaurs
  3 phantoms
  3 kobold brigands (D:10)
  Blork the orc (D:4)
  An elf zombie (Ossuary)
  A weeping skull (Ossuary)
  A scorpion (D:5)
  A water moccasin zombie (D:6)
  10 wights
  A burial acolyte (Ossuary)
  4 howler monkeys
  3 electric eels (D:12)
  3 bombardier beetles
  A human zombie (Ossuary)
  A bullfrog zombie (D:6)
  2 hounds
  3 iron imps (D:7)
  7 orc priests
  6 jellies
  A centaur skeleton (D:6)
  7 iguanas
  Ijyb (D:3)
  4 orc wizards
  3 mummies (Ossuary)
  Robin (D:3)
  7 adders
  A shadow imp (D:8)
  2 ufetubi (D:5)
  A dart slug (D:1)
  30 orcs
  9 endoplasms
  5 giant cockroaches
  17 goblins
  13 hobgoblins
  3 quokkas
  5 ball pythons
  3 bats
  4 frilled lizards
  12 kobolds
  2 kobold zombies (Ossuary)
  4 orc zombies (Ossuary)
  4 rats
251 creatures vanquished.

Vanquished Creatures (others)
  A vampire mosquito (D:12)
  An orc priest (D:9)
  2 orcs
4 creatures vanquished.

Grand Total: 255 creatures vanquished

Notes
Turn   | Place    | Note
-------+----------+-------------------------------------------
     0 | D:1      | Cheops the Minotaur Fighter began the quest for the Orb.
     0 | D:1      | Reached XP level 1. HP: 19/19 MP: 0/0
    98 | D:1      | Reached skill level 3 in Maces & Flails
   224 | D:1      | Reached XP level 2. HP: 26/26 MP: 1/1
   537 | D:1      | Found a faded altar of an unknown god.
   602 | D:1      | Reached skill level 4 in Maces & Flails
   994 | D:2      | Reached XP level 3. HP: 9/31 MP: 2/2
  1348 | D:2      | Reached skill level 5 in Maces & Flails
  1439 | D:2      | Reached XP level 4. HP: 38/39 MP: 3/3
  1607 | D:3      | Found a shimmering altar of Xom.
  1988 | D:3      | Noticed Ijyb
  2002 | D:3      | Killed Ijyb
  2003 | D:3      | Reached skill level 6 in Maces & Flails
  2146 | D:3      | Noticed Robin
  2160 | D:3      | Reached XP level 5. HP: 11/45 MP: 4/4
  2165 | D:3      | Killed Robin
  2445 | D:3      | Found an ornate altar of the Wu Jian Council.
  2969 | D:4      | Found Kijuesch's Weapon Shoppe.
  3069 | D:4      | Reached skill level 7 in Maces & Flails
  3142 | D:4      | Identified the ring "Jaipyeditupt" {rN+ Will+}
  3176 | D:4      | Found a sand-covered staircase.
  3180 | Ossuary  | Entered an ossuary
  3225 | Ossuary  | Reached XP level 6. HP: 51/51 MP: 5/5
  3259 | Ossuary  | Reached skill level 8 in Maces & Flails
  3472 | Ossuary  | Reached skill level 9 in Maces & Flails
  3747 | D:4      | Noticed Blork the orc
  3753 | D:4      | Killed Blork the orc
  3754 | D:4      | Reached XP level 7. HP: 48/57 MP: 6/6
  4147 | D:4      | Found an ancient bone altar of Kikubaaqudgha.
  4282 | D:4      | Reached skill level 1 in Throwing
  4444 | D:4      | Found a broken altar of Ashenzari.
  4764 | D:4      | Bought a +0 morningstar for 56 gold pieces
  4785 | D:5      | Entered Level 5 of the Dungeon
  5212 | D:5      | Reached skill level 5 in Throwing
  5212 | D:5      | Reached XP level 8. HP: 64/64 MP: 7/7
  5306 | D:5      | Found a staircase to the Ecumenical Temple.
  5534 | Temple   | Entered the Ecumenical Temple
  5668 | D:6      | Noticed Maggie
  5684 | D:6      | Killed Maggie
  5685 | D:6      | Reached skill level 10 in Maces & Flails
  5965 | D:6      | Reached skill level 11 in Maces & Flails
  6271 | D:6      | Reached skill level 12 in Maces & Flails
  6422 | D:6      | Found a blossoming altar of Fedhas.
  6501 | D:6      | Reached XP level 9. HP: 63/70 MP: 8/8
  6526 | D:6      | Found a shimmering blue altar of Sif Muna.
  6953 | D:7      | Reached skill level 13 in Maces & Flails
  6979 | D:7      | Found a hide-covered altar of Uskayaw.
  6979 | D:7      | Noticed a +0 hand axe
  6980 | D:7      | Noticed a +0 dagger
  7187 | D:7      | Found a burning altar of Makhleb.
  7214 | D:7      | Identified the +2 robe of the Thoughtful Dances {rElec rF-
                  | Str+4 Int+3}
  7349 | Temple   | Became a worshipper of Ru the Awakened
  7663 | D:8      | Reached skill level 14 in Maces & Flails
  7701 | D:8      | Found a glowing golden altar of the Shining One.
  7704 | D:8      | Noticed an angel
  7745 | D:8      | Noticed a two-headed ogre
  7756 | D:8      | Killed a two-headed ogre
  7757 | D:8      | Reached skill level 15 in Maces & Flails
  8315 | D:8      | Found a basalt altar of Yredelemnul.
  8338 | D:8      | Noticed a profane servitor
  8345 | D:8      | Identified a scroll of acquirement
  8347 | D:8      | Acquired a manual of Throwing
  8527 | D:9      | Reached XP level 10. HP: 70/77 MP: 9/9
  8547 | D:9      | Gained mutation: You cannot study or use magical devices.
                  | [Ru sacrifice]
  8547 | D:9      | Reached * piety under Ru
  8547 | D:9      | Reached ** piety under Ru
  8747 | D:9      | Found a snail-covered altar of Cheibriados.
  8927 | D:9      | Found a stormy altar of Qazlal.
  8932 | D:9      | Found a white marble altar of Elyvilon.
  8933 | D:9      | Found a sparkling altar of Nemelex Xobeh.
  8934 | D:9      | Found an opulent altar of Gozag.
  8962 | D:9      | Found a staircase to the Orcish Mines.
  8988 | D:9      | Reached skill level 16 in Maces & Flails
  8995 | D:10     | Entered Level 10 of the Dungeon
  8998 | D:10     | Gained mutation: Armour fits poorly on your strangely
                  | shaped body. [potion of mutation]
  8998 | D:10     | Gained mutation: Your muscles are strong. (Str +4, Int/Dex
                  | -1) [potion of mutation]
  9002 | D:10     | Noticed a cyclops
  9340 | D:9      | Lost mutation: Armour fits poorly on your strangely shaped
                  | body. [potion of mutation]
  9340 | D:9      | Lost mutation: Your muscles are strong. (Str +4, Int/Dex
                  | -1) [potion of mutation]
  9340 | D:9      | Gained mutation: Your mind is acute. (Int +4, Str/Dex -1)
                  | [potion of mutation]
  9340 | D:9      | Gained mutation: You occasionally lose the ability to read
                  | scrolls when taking damage. [potion of mutation]
  9341 | D:9      | Lost mutation: Your mind is acute. (Int +4, Str/Dex -1)
                  | [potion of mutation]
  9341 | D:9      | Lost mutation: You occasionally lose the ability to read
                  | scrolls when taking damage. [potion of mutation]
  9341 | D:9      | Gained mutation: Your system is resistant to poisons.
                  | (rPois) [potion of mutation]
  9341 | D:9      | Gained mutation: You expend magic power (3 MP) to
                  | strengthen your wands. [potion of mutation]
  9675 | D:10     | Noticed a yaktaur captain
  9682 | D:10     | Killed a yaktaur captain
  9683 | D:10     | Reached skill level 10 in Throwing
  9700 | D:10     | Identified the ring "Ykecsuag" {rC+ rN+ Int-2 Dex+6}
  9718 | D:10     | Identified the ring "Uryedd" {Will+ Dex+3 Slay+3 SInv}
  9723 | D:10     | Identified the staff of Binut {MP+9 Conj}
  9825 | D:10     | You fall into a shaft and drop 1 floor!
  9825 | D:11     | Found a staircase to the Lair.
  9828 | D:11     | Noticed a two-headed ogre
  9834 | D:11     | Killed a two-headed ogre
  9857 | D:11     | Reached XP level 11. HP: 70/85 MP: 10/10
  9861 | D:11     | Reached skill level 5 in Fighting
  9914 | D:11     | Noticed a two-headed ogre
  9921 | D:11     | Killed a two-headed ogre
 10492 | D:10     | Noticed an orc knight
 10513 | D:10     | Killed an orc knight
 10522 | D:10     | Gained mutation: You cannot study or cast Air magic. [Ru
                  | sacrifice]
 10522 | D:10     | Gained mutation: You cannot study or cast Hexes magic. [Ru
                  | sacrifice]
 10522 | D:10     | Gained mutation: You cannot study or cast Translocations
                  | magic. [Ru sacrifice]
 10522 | D:10     | Reached *** piety under Ru
 10768 | D:10     | Reached skill level 5 in Armour
 11576 | D:12     | Reached skill level 10 in Fighting
 11958 | D:12     | Noticed a two-headed ogre
 11972 | D:12     | Mangled by a two-headed ogre

Illustrated notes

Levels and vault maps discovered:
D:1:      dpeg_arrival_connections, layout_basic,
          shapermc_ecumenical_altar_ellora
D:2:      wad_river_or_something, layout_rooms, hex_medium,
          hangedman_decor_clover_reticule
D:3:      layout_basic, xom_teletrap_fun, pdpol_wu_jian_five_deadly_venoms,
          serial_co_window_serial, co_window_paths_b,
          co_window_of_opportunity_a, co_window_of_opportunity_a,
          co_window_paths_a, co_window_of_opportunity_a, co_window_corner_a,
          co_window_of_opportunity_a, co_window_cross_2,
          co_window_unsneaky_path_e, co_window_2corner, co_window_sun,
          glass_columns_a, wad_floor_pattern_untrapped, corexii_hall_statues_l,
          uniq_robin, uniq_ijyb
D:4:      layout_basic, lemuel_tele_altar, mainiacjoe_overflow_six_doors_small,
          enter_ossuary_5, serial_shops, nicolae_shop_bloodbath_and_beyond,
          uniq_blork_the_orc
D:5:      layout_loops_cross, temple_green
D:6:      layout_loops_corners, marbit_many_paths, lemuel_crystal_altar,
          serial_undead, serial_undead_f, serial_undead_e, serial_undead_d,
          serial_undead_b, minmay_misc_feat_four_crosses, uniq_maggie
D:7:      layout_rooms, demons_altar, dancing_weapons_uskayaw
D:8:      layout_basic, grunt_temple_overflow_holy_war
D:9:      layout_big_octagon, slow_altar_2, mainiacjoe_overflow_alcove_3,
          minmay_orc_entry_temple_small, minmay_orc_keep
D:10:     minmay_the_grid_3x2 [minmay_the_grid_spikes, minmay_the_grid_box_x,
          minmay_the_grid_tree, minmay_the_grid_outer_diamond,
          minmay_the_grid_slots, minmay_the_grid_prize_diamond_cup],
          layout_irregular_city
D:11:     layout_long_grid, lair_entry_dummy
D:12:     layout_basic
Temple:   nicolae_temple_bog_church

Skill      XL: |  1  2  3  4  5  6  7  8  9 10 11 |
---------------+----------------------------------+-----
Maces & Flails | 3 4 5 6 7 9 12 15 16 | 16.0
Throwing       | 5 12 13 | 13.6
Fighting       | 4 10 | 10.0
Armour         | 6 |  6.2
Shields        | |  3.6

Action                     |  1- 3 |  4- 6 |  7- 9 | 10-12 || total
---------------------------+-------+-------+-------+-------++-------
  Melee: Flail             |   105 |   162 |    10 |       ||   277
         Headbutt          |     8 |    23 |    44 |    69 ||   144
         Morningstar       |       |       |   218 |   246 ||   464
         Unarmed           |       |       |     1 |       ||     1
  Throw: Stone             |       |       |    24 |       ||    24
         Boomerang         |       |       |       |    67 ||    67
 Invoke: Sacrifice Artific |       |       |       |     1 ||     1
         Sacrifice Arcana  |       |       |       |     1 ||     1
Ability: Begin Untransform |       |     1 |       |       ||     1
    Use: Scroll            |       |       |     9 |     6 ||    15
         Potion            |       |       |       |     6 ||     6
 Armour: Scale mail        |    63 |    80 |    68 |       ||   211
         Skin              |       |    28 |       |       ||    28
         Chain mail        |       |       |    50 |   127 ||   177
         Acid dragon scale |       |       |       |    18 ||    18
         Robe              |       |       |       |     8 ||     8
  Dodge: Dodged            |    44 |    72 |    90 |   116 ||   322
  Block: Buckler           |    18 |    31 |    43 |    91 ||   183
         Reflection        |       |       |       |     6 ||     6
   Form: Statue            |       |     1 |       |       ||     1
